 Dungeon Crawl Stone Soup version 0.31-a0-222-gefeffbb62a (webtiles) character file.

Game seed: 4390869455132302504

14 qw the Shooter (level 2, -6/16 HPs)
             Began as a Gargoyle Hexslinger on July 5, 2023.
             Mangled by a worm (8 damage)
             ... on level 1 of the Dungeon.
             The game lasted 00:00:14 (846 turns).

qw the Shooter (Gargoyle Hexslinger)                 Turns: 846, Time: 00:00:15

Health: -6/16      AC:  7    Str: 11    XL:     2   Next: 41%
Magic:  3/3        EV: 10    Int: 13    God:
Gold:   52         SH:  0    Dex: 12    Spells: 2/3 levels left

rFire   . . .        Y - +1 sling
rCold   . . .        (no shield)
rNeg    + . .        j - +0 ring mail
rPois   inf          (no helmet)
rElec   +            (no cloak)
rCorr   .            (no gloves)
SInv    .            (no boots)
Will    .....        (no amulet)
Stlth   +            (no ring)
HPRegen 0.22/turn    (no ring)
MPRegen 0.08/turn

%: no passive effects
@: no status effects
A: sickness immunity, AC +2, negative energy resistance 1, electricity
resistance, torment resistance 1, petrification resistance
a: no special abilities


You were on level 1 of the Dungeon.
You visited 1 branch of the dungeon, and saw 2 of its levels.

You collected 52 gold pieces.


Innate Abilities, Weirdness & Mutations

You are immune to sickness and miasma.
Your stone body is resilient. (AC +2)
You are immune to poison.
You resist negative energy. (rN+)
You are resistant to electric shocks. (rElec)
You are resistant to unholy torment.
You are immune to petrification.


   Skills:
 + Level 1.1 Fighting
 - Level 3.0 Ranged Weapons
 - Level 1.5 Dodging
 - Level 1.0 Spellcasting
 - Level 2.6 Hexes


You had 2 spell levels left.
You knew the following spells:

 Your Spells              Type           Power      Damage    Failure   Level
a - Slow                  Hex            28%        N/A       22%         1

Your spell library contained the following spells:

 Spells                   Type           Power      Damage    Failure   Level
 Inner Flame              Hex/Fire       4%         N/A       75%         3
 Portal Projectile        Hex/Tloc       8%         N/A       75%         3
 Cause Fear               Hex            3%         N/A       92%         4

Inventory:

Hand Weapons
 Y - a +1 sling (weapon)
Armour
 j - a +0 ring mail (worn)
Scrolls
 h - a scroll of identify
Potions
 g - a potion of cancellation {unknown}
 i - a potion of lignification {unknown}

Dungeon Overview and Level Annotations

Branches:
Dungeon (2/15)

Altars:

Shops:
D:1 !


Message History

The giant cockroach barely misses you. The worm closely misses you.
The frilled lizard bites you but does no damage.
The giant cockroach bites you but does no damage.
You shoot a sling bullet.
The sling bullet completely misses the worm.
The giant cockroach barely misses you.
The frilled lizard bites you but does no damage.
The worm bites you but does no damage.
You shoot a sling bullet.
The sling bullet hits the worm but does no damage.
The worm is moderately wounded.
The giant cockroach bites you but does no damage.
The frilled lizard completely misses you.
The giant cockroach closely misses you. The worm closely misses you.
The frilled lizard closely misses you.
You shoot a sling bullet. The sling bullet hits the worm.
The worm is moderately wounded.
The giant cockroach bites you but does no damage.
The frilled lizard barely misses you. The worm barely misses you.
The giant cockroach closely misses you.
You shoot a sling bullet.
The sling bullet barely misses the worm.
The frilled lizard barely misses you. The giant cockroach closely misses you.
You shoot a sling bullet. The sling bullet hits the worm.
The worm is heavily wounded.
The giant cockroach bites you but does no damage.
The frilled lizard completely misses you.
The worm bites you but does no damage. The giant cockroach closely misses you.
The frilled lizard misses you.
You shoot a sling bullet. The sling bullet hits the worm.
The worm is severely wounded.
The giant cockroach bites you but does no damage.
The worm bites you but does no damage.
The frilled lizard bites you but does no damage.
You shoot a sling bullet. The sling bullet hits the worm.
The worm is almost dead.
The giant cockroach closely misses you. The frilled lizard bites you.
The giant cockroach bites you. The worm bites you!
Ouch! That really hurt!
You die...

..#..#........#..#.#####........#
..#..#.#....#.#..#.##...........#
..#..#.#....#....#.##..##.......#
######.#....###..#.##...#.......#
...)...#....###.##.##.#.#.......#
#.........#.#....#......#.#'#####
'...........#.#.S#...####.#......
#.........###.##Bw..............#
#.........# #.##@l.######.###....
#.........# #.####.#........#.#.#
#.........# #.# #.#......#.#.#.#
#.........# #.# #.########.#.#.#
..........# #.####..........#.#.#
..........# #.#......########.#..
...######## #.#......# #.### ...#
#.#......# #.# ...# #.#......####
#.#


You could see a worm, an adder, a giant cockroach and a frilled lizard.

Vanquished Creatures
  2 ball pythons (D:1)
  A giant cockroach (D:1)
  A goblin (D:1)
  2 hobgoblins (D:1)
  A kobold (D:1)
  A bat (D:1)
  4 frilled lizards (D:1)
  2 rats (D:1)
14 creatures vanquished.

Notes
Turn   | Place    | Note
-------+----------+-------------------------------------------
     0 | D:1      | qw the Gargoyle Hexslinger began the quest for the Orb.
     0 | D:1      | Reached XP level 1. HP: 12/12 MP: 2/2
     0 | D:1      | 0 ||| qw: Version: 0.3-a-46-gb1f654a
     0 | D:1      | 0 ||| qw: Game counter: 987
     0 | D:1      | 0 ||| qw: Melee chars always use a shield: true
     0 | D:1      | 0 ||| qw: God list: Okawaru
     0 | D:1      | 0 ||| qw: Allow faded altars: false
     0 | D:1      | 0 ||| qw: Do Orc after clearing Dungeon:15 true
     0 | D:1      | 0 ||| qw: Do second Lair branch before Depths: true
     0 | D:1      | 0 ||| qw: Lair rune preference: random
     0 | D:1      | 0 ||| qw: Goals: Normal
     0 | D:1      | 0 ||| PLANNING D:1-11
   182 | D:1      | Reached XP level 2. HP: 16/16 MP: 3/3
   199 | D:1      | Found Fygaen's Distillery.
   208 | D:1      | 208 ||| SHOPLISTING 2 potions of mutation (160 gold, have
                  | 25).
   208 | D:1      | 208 ||| SHOPLISTING potion of curing (30 gold, have 25).
   208 | D:1      | 208 ||| SHOPLISTING potion of heal wounds (50 gold, have
                  | 25).
   208 | D:1      | 208 ||| SHOPLISTING potion of mutation (80 gold, have 25).
   208 | D:1      | 208 ||| SHOPLISTING potion of resistance (100 gold, have
                  | 25).
   429 | D:1      | Found a faded altar of an unknown god.
   508 | D:1      | Reached skill level 3 in Ranged Weapons
   760 | D:1      | 760 ||| UPGRADING to +0 ring mail.
   770 | D:1      | 770 ||| DROPPING +0 robe.
   771 | D:1      | 771 ||| READING scroll labelled GOHUDE RIZ OHY.
   772 | D:1      | 772 ||| READING 2 scrolls labelled COUDOV GYERIL.
   773 | D:1      | 773 ||| READING scroll labelled POWNAE GALL.
   774 | D:1      | 774 ||| READING 2 scrolls labelled GYARIWK YGEYB.
   775 | D:1      | 775 ||| DROPPING scroll of poison.
   776 | D:1      | 776 ||| DROPPING scroll of vulnerability.
   835 | D:2      | 835 ||| STAIRDANCE
   838 | D:1      | HP: 3/16 [worm (5)]
   846 | D:1      | HP: 3/16 [frilled lizard (3)]
   846 | D:1      | Mangled by a worm

Levels and vault maps discovered:
D:1:      sevenhm_arrival_forest_fort_large_4, layout_basic,
          shapermc_ecumenical_altar_mp_highgroup, serial_shops, shop
D:2:      layout_rooms, serial_bayou_crossing, uniq_crazy_yiuf_cottage

Skill      XL: |  1  2 |
---------------+-------+-----
Ranged Weapons | 3 |  3.0
Fighting       | |  1.1
Dodging        | |  1.5
Spellcasting   | |  1.0
Hexes          | |  2.6

Action                     || total
---------------------------++-------
   Fire: Sling             ||    41
    Use: Scroll            ||     4
 Armour: Ring mail         ||    21
         Robe              ||     1
  Dodge: Dodged            ||    27

Table legend:
 A = Non-vault XP
 B = Vault XP
 C = Vault XP percentage of total XP
 D = Non-vault monster count
 E = Vault monster count
 F = Vault count percentage of total count
                 A         B        C        D         E       F
            +---------+---------+-------+---------+---------+-------
      Total |      20 |       0 |   0.0 |      14 |       0 |   0.0
            +---------+---------+-------+---------+---------+-------
        D:1 |      20 |       0 |   0.0 |      14 |       0 |   0.0
            +---------+---------+-------+---------+---------+-------
